 Dungeon Crawl Stone Soup version 0.14.0-26-g1682e81 (webtiles) character file.

205661 Leibowitz the Spry (level 19, -13/122 HPs)
             Began as a Kobold Fighter on Apr 27, 2014.
             Was a High Priest of Trog.
             Killed from afar by a greater naga (34 damage)
             ... with an orb of energy
             ... on Level 5 of the Snake Pit.
             The game lasted 04:41:54 (54315 turns).

Leibowitz the Spry (Kobold Fighter)                Turns: 54315, Time: 04:41:54

HP -13/122       AC 14     Str 20      XL: 19   Next: 81%
MP  23/23        EV 34     Int  6      God: Trog [*****.]
Gold 1467        SH 29     Dex 21      Spells:  0 memorised, 18 levels left

rFire  + . .     SeeInvis .     a - +2,+8 short sword "Xuqoes" {slice, rC+}
rCold  + . .     Clarity  .     P - +3 robe of Hide-and-Seek {rPois}
rNeg   + . .     Conserve +     C - +0 shield {reflect}
rPois  +         rCorr    +     D - +5 helmet of Dithmenos' Whim {rF+ Dex+1}
rElec  .         rRot     .     f - +1 cloak {rCorr, Cons}
SustAb . .       Spirit   .     i - +0 pair of gloves
rMut   .         Warding  .     (no boots)
Saprov + + .     Stasis   .     j - amulet of faith
MR     +....                    c - +2 ring of strength
                                T - ring of positive energy

@: constricted, somewhat resistant to hostile enchantments, incredibly stealthy
A: disease resistance, carnivore 3, saprovore 2
a: Burn Spellbooks, Berserk, Trog's Hand, Brothers in Arms, Renounce Religion


You were on level 5 of the Snake Pit.
You worshipped Trog.
Trog was extremely pleased with you.
You were hungry.

You visited 7 branches of the dungeon, and saw 36 of its levels.
You visited 1 bazaar.
You also visited: Ossuary and Ice Cave.

You collected 3678 gold pieces.
You spent 2211 gold pieces at shops.

Inventory:

Hand weapons
 a - the +2,+8 short sword "Xuqoes" (weapon) {slice, rC+}
   (Trog gifted it to you on level 1 of the Shoals)

   It inflicts extra damage upon your enemies.
   It protects you from cold.
 b - a +0 blowgun
 e - a +5,+6 anti-magic quick blade
 t - the +1,+6 cutlass of Infection {speed, rPois rN+ Str+2 SInv}
   (Trog gifted it to you on level 1 of the Orcish Mines)

   Attacks with this weapon are significantly faster.
   It affects your strength (+2).
   It protects you from poison.
   It protects you from negative energy.
   It enhances your eyesight.
 R - a +6,+6 quick blade of venom
Missiles
 r - 4 throwing nets (quivered)
 S - 5 curare-tipped needles
Armour
 f - a +1 cloak of preservation (worn)
 i - a +0 pair of gloves (worn)
 m - the +7 chain mail "Huuhur" {+Rage +Inv}
   (You bought it in a shop on level 4 of the Snake Pit)

   It lets you turn invisible.
   It lets you go berserk.
 C - a +0 shield of reflection (worn)
 D - the +5 helmet of Dithmenos' Whim (worn) {rF+ Dex+1}
   (You bought it in a shop on level 8 of the Dungeon)

   It affects your dexterity (+1).
   It protects you from fire.
 P - the +3 robe of Hide-and-Seek (worn) {rPois}
   (You found it on level 8 of the Lair of Beasts)

   It protects you from poison.
Magical devices
 k - a wand of heal wounds (3)
 o - a wand of teleportation (0)
 p - a wand of cold (0)
 x - a wand of teleportation (4)
 H - a wand of draining (1)
 I - a wand of digging (9)
 L - a wand of enslavement (9)
 N - a wand of hasting (5)
 Q - a wand of paralysis (14)
 X - a wand of disintegration (6)
Comestibles
 d - 2 meat rations
Scrolls
 g - 14 scrolls of identify
 l - 10 scrolls of remove curse
 n - 5 scrolls of recharging
 y - 5 scrolls of magic mapping
 B - 4 scrolls of fog
 O - 3 scrolls of summoning
 Y - 4 scrolls of fear
 Z - 3 scrolls of blinking
Jewellery
 c - a +2 ring of strength (right hand)
 j - an amulet of faith (around neck)
 s - an uncursed amulet of stasis
 G - the ring "Fiving" {Hunger rElec rF++ MR+}
   (You bought it in a shop in a bazaar)

   [ring of hunger]

   It greatly protects you from fire.
   It insulates you from electricity.
   It affects your resistance to hostile enchantments.
 M - an uncursed ring of sustain abilities
 T - a ring of positive energy (left hand)
 U - an uncursed ring of protection from fire
Potions
 h - 3 potions of resistance
 u - 13 potions of curing
 w - 4 potions of haste
 z - 6 potions of agility
 A - 5 potions of berserk rage
 E - 2 potions of magic
 F - 3 potions of might
 J - 4 potions of restore abilities
 K - 2 potions of brilliance
 V - a potion of invisibility
Books
 v - a Grand Grimoire {highlevel, unknown}

   This book is beyond your current level of understanding.

   Spells                             Type                      Level
   Aura of Abjuration                 Summoning                    6
   Forceful Dismissal                 Summoning                    6
   Haunt                              Necromancy/Summoning         7
   Summon Greater Demon               Summoning                    7
   Malign Gateway                     Summoning/Translocation      7
   Summon Horrible Things             Summoning                    8
   Trog disapproves of the use of such an item.
 W - Roxanne's Disquisition on the Rocks and Transmutation
   (You took it off Roxanne on level 4 of the Snake Pit)

   Spells                             Type                      Level
   Stoneskin                          Transmutation/Earth          2
   Stone Arrow                        Conjuration/Earth            3
   Passwall                           Transmutation/Earth          3
   Leda's Liquefaction                Hexes/Earth                  4
   Statue Form                        Transmutation/Earth          6
   Trog disapproves of the use of such an item.


   Skills:
 * Level 14.6 Fighting
 + Level 16.3 Short Blades
 - Level 2.1 Throwing
 + Level 4.1 Armour
 * Level 20.3 Dodging
 * Level 20.2 Stealth
 * Level 12.9 Shields
 + Level 2.5 Evocations


You had 18 spell levels left.
You didn't know any spells.

Dungeon Overview and Level Annotations

Branches:
Dungeon (15/15)            Temple (1/1) D:7             Orc (4/4) D:9
    Elf (0/3) Orc:4          Lair (8/8) D:11         Shoals (2/5) Lair:4
  Snake (5/5) Lair:4        Slime (0/6) Lair:8       Vaults (0/5) D:13
 Depths (1/5) D:15

Altars:
Ashenzari
Cheibriados
Dithmenos
Elyvilon
Fedhas
Kikubaaqudgha
Makhleb
Nemelex Xobeh
Okawaru
Sif Muna
Trog
Vehumet
Xom
Yredelemnul
The Shining One
Beogh
Jiyva

Shops:
D:6 *   D:8 [   D:11 !   Orc:4 ([!*   Shoals:2 ::   Snake:4 *

Portals:
Trove: D:12 (give +4 gold dragon armour)


Innate Abilities, Weirdness & Mutations

You recuperate from illness quickly.
You are small and have problems with some larger weapons.
You are carnivorous and can eat meat at any time.
You can eat rotten meat.


Message History

You hit the greater naga but do no damage.
The greater naga is severely wounded.
You closely miss the greater naga.
The greater naga is severely wounded.
The greater naga gestures at you while chanting.
The bolt of poison hits you! You resist.
* * * LOW HITPOINT WARNING * * *
The greater naga constricts you.
You hit the greater naga.
The greater naga is severely wounded.
The greater naga hits you with a halberd.
* * * LOW HITPOINT WARNING * * *
x2 The greater naga constricts you.
You closely miss the greater naga.
The greater naga is severely wounded.
You hit the greater naga.
The greater naga is severely wounded.
The greater naga casts a spell at you. The orb of energy hits you!
You die...

#...##)).#...##(#
#...##...######)#
#...##)).######.#
#...##.).......)###
#######...##.#####.......
#..........#...##.<.....)
##.####.........'...[(...
#.#.......#<#)##........
#.#.###@#.#....#........
#.#.###N#.#....#........
#.#.#...#.#....#........
#.#.#.###.#)...##.......
#.#.#.....'....####...##
#.#.#####.#....# #...#
#.......#...#.## #...#
####.###.###.#.# #...#
#......#.# #.#.# #####


You could see a greater naga.

Vanquished Creatures
  Norris (Snake:3)
  Mara (Snake:5)
  A kraken (Shoals:1)
  Frances (Shoals:1)
  Roxanne (Snake:4)
  2 greater nagas (Snake:5)
  Donald (Shoals:2)
  Aizul (Snake:1)
  5 dire elephants (Lair:8)
  A vampire knight (Depths:1)
  Snorg (Shoals:1)
  A siren (Shoals:2)
  5 vault guards (D:13)
  Josephine (Orc:3)
  A yaktaur captain (D:15)
  2 merfolk impalers
  A fire dragon (Lair:8)
  A ravenous feature mimic (Lair:8)
  Harold (Orc:3)
  13 naga warriors
  7 hydras
  Nessos (D:12)
  Erica (Orc:3)
  A merfolk aquamancer (Shoals:1)
  16 anacondas
  15 naga sharpshooters
  Urug (Orc:3)
  3 centaur warriors
  11 shock serpents
  The ghost of Aelig the Grappler, an experienced TrMo of Dithmenos (D:9)
  An unseen horror (D:15)
  6 salamander mystics
  3 sea snakes
  2 lindwurms (Snake:5)
  9 naga ritualists
  3 water nymphs
  An ice statue (IceCv)
  A wizard (D:13)
  12 mana vipers
  9 hill giants
  4 orc sorcerers
  11 cyclopes
  17 salamanders
  8 fauns (Shoals:1)
  6 guardian serpents
  12 mermaids
  13 elephants
  6 griffons
  Maurice (D:13)
  38 black mambas
  4 manticores
  10 spiny frogs
  23 naga magi
  2 yaktaurs
  2 kobold demonologists
  An efreet (D:13)
  A gargoyle (D:10)
  7 fire drakes
  2 tengu conjurers
  A hydra zombie (D:11)
  9 merfolk
  6 komodo dragons
  16 polar bears
  Sonja (Orc:2)
  3 wind drakes
  6 trolls
  2 ravens (D:15)
  5 snapping turtles
  A basilisk (shapeshifter) (D:15)
  A red wasp zombie (D:15)
  A boulder beetle (Lair:8)
  A two-headed ogre (D:9)
  4 blink frogs
  A trapdoor spider (D:15)
  2 basilisks
  11 slime creatures
  2 wraiths
  4 water elementals
  2 wyverns
  2 hill giant zombies
  A griffon skeleton (D:15)
  21 yaks
  11 ugly things
  3 elephant slugs (Lair:6)
  A vampire (D:15)
  A human (D:13)
  3 hungry ghosts
  10 hippogriffs
  A deep elf fighter (D:11)
  3 deep elf magi
  10 sharks
  A steam dragon (Lair:7)
  A vampire mosquito (Lair:4)
  A soldier ant (D:13)
  4 wolves (IceCv)
  56 nagas
  A necrophage (D:11)
  9 porcupines
  2 mottled dragons
  46 water moccasins
  13 ice beasts
  8 spiders (Snake:2)
  3 sky beasts
  A tengu skeleton (D:11)
  9 ogres
  A black bear (D:7)
  3 phantoms
  4 giant goldfish
  3 yellow wasps
  10 crocodiles
  19 orc warriors
  The ghost of patrikchr the Shooter, an average HEHu (D:3)
  An elf skeleton (D:15)
  6 centaurs
  Sigmund (D:7)
  A lava worm (D:11)
  A brain worm (D:15)
  A gnoll sergeant (D:7)
  10 giant slugs
  Blork the orc (D:4)
  A silver statue (D:13)
  16 giant frogs
  A cyclops skeleton (D:9)
  3 eyes of draining
  2 insubstantial wisps (Lair:4)
  14 killer bees
  4 scorpions
  A tengu zombie (D:15)
  3 electric eels (Lair:5)
  7 wights
  13 hounds
  3 crimson imps
  3 goliath beetles
  3 big fish
  28 orc wizards
  2 giant frog zombies
  Crazy Yiuf (D:2)
  A centaur skeleton (D:10)
  27 orc priests
  3 quasits
  6 iguanas
  3 jellies
  A giant frog skeleton (D:5)
  A gnoll shaman (D:8)
  A basilisk skeleton (D:13)
  A kobold skeleton (D:12)
  7 orange rats
  12 sheep
  14 worker ants
  A shapeshifter simulacrum (D:15)
  Ijyb (D:5)
  A big kobold zombie (Ossuary)
  3 hound zombies (Ossuary)
  A mottled dragon skeleton (D:11)
  4 mummies (Ossuary)
  19 gnolls
  48 green rats
  4 shadow imps
  19 adders
  3 giant mites
  6 worms
  An adder zombie (Ossuary)
  An adder skeleton (D:5)
  2 giant eyeballs
  4 giant geckos
  2 oozes
  161 orcs
  39 bats
  6 giant cockroaches
  A gnoll zombie (Ossuary)
  21 goblins
  16 hobgoblins
  10 kobolds
  8 quokkas
  A giant gecko skeleton (D:4)
  11 giant newts
  A giant spore (D:15)
  4 goblin zombies (Ossuary)
  22 jackals
  2 jackal zombies (Ossuary)
  3 orc skeletons (Orc:3)
  6 orc zombies
  44 rats
  A ballistomycete (D:15)
  3 fungi
  8 plants
1348 creatures vanquished.

Vanquished Creatures (collateral kills)
  5 greater nagas (Snake:5)
  A frost giant (IceCv)
  Louise (Snake:1)
  An orc warlord (Orc:4)
  Gastronok (Lair:3)
  A dire elephant (Lair:8)
  A merfolk impaler (Shoals:1)
  7 naga warriors
  6 anacondas (Snake:5)
  An orc high priest (Orc:4)
  2 naga sharpshooters (Snake:5)
  2 shock serpents (Snake:5)
  4 skeletal warriors (D:15)
  A sea snake (Shoals:1)
  A naga ritualist (Snake:5)
  A lindwurm (Snake:5)
  3 mana vipers (Snake:5)
  2 orc knights (Orc:4)
  2 salamanders (Snake:5)
  An orc sorcerer (Orc:4)
  A black mamba (Snake:5)
  A guardian serpent (Snake:5)
  A naga mage (Snake:3)
  2 merfolk (Shoals:1)
  A polar bear (IceCv)
  2 yaks (IceCv)
  3 wolves (IceCv)
  A warg (Orc:4)
  6 nagas
  11 orc warriors (Orc:4)
  10 wights
  A goliath beetle (D:7)
  2 orc priests (Orc:4)
  A hound (D:12)
  An iguana (D:12)
  An orc wizard (Orc:4)
  3 gnolls (D:7)
  3 orcs (Orc:4)
  An orc skeleton (D:7)
96 creatures vanquished.

Vanquished Creatures (others)
  A siren (Shoals:1)
  3 deep trolls
  2 hill giants
  A water nymph (Shoals:1)
  A lindwurm (Snake:5)
  A mana viper (Snake:5)
  A faun (Shoals:1)
  A guardian serpent (Snake:5)
  6 drowned souls (Shoals:2)
  A naga mage (Snake:5)
  A troll (D:12)
  A two-headed ogre (Snake:5)
  A bush (D:7)
  6 fungi
  4 plants
  12 tentacles (Shoals:1)
  52 tentacle segments (Shoals:1)
95 creatures vanquished.

Grand Total: 1539 creatures vanquished

Notes
Turn   | Place    | Note
--------------------------------------------------------------
     0 | D:1      | Leibowitz, the Kobold Fighter, began the quest for the Orb.
     0 | D:1      | Reached XP level 1. HP: 14/14 MP: 1/1
   148 | D:1      | Reached XP level 2. HP: 14/19 MP: 2/2
   566 | D:1      | Reached skill level 1 in Dodging
   832 | D:2      | Found a bloodstained altar of Trog.
   837 | D:2      | Became a worshipper of Trog the Wrathful
   869 | D:2      | Reached XP level 3. HP: 21/23 MP: 3/3
  1451 | D:2      | Reached skill level 1 in Stealth
  1536 | D:2      | Acquired Trog's first power
  1536 | D:2      | Reached XP level 4. HP: 28/28 MP: 4/4
  2349 | D:2      | Acquired Trog's second power
  2532 | D:2      | Reached XP level 5. HP: 23/33 MP: 5/5
  2638 | D:2      | Noticed Crazy Yiuf
  2988 | D:3      | Found a white marble altar of Elyvilon.
  2988 | D:3      | Found an ancient bone altar of Kikubaaqudgha.
  3040 | D:3      | HP: 2/49 [gnoll/halberd (14)]
  3248 | D:3      | Noticed patrikchr's ghost (average HEHu)
  3272 | D:3      | Killed patrikchr's ghost
  3272 | D:3      | Reached XP level 6. HP: 38/38 MP: 6/6
  3918 | D:4      | Noticed Blork the orc
  3935 | D:4      | Killed Blork the orc
  3935 | D:4      | Reached skill level 4 in Fighting
  4348 | D:4      | Reached XP level 7. HP: 43/43 MP: 7/7
  4381 | D:4      | Reached skill level 5 in Dodging
  5330 | D:3      | Acquired Trog's third power
  5461 | D:2      | Killed Crazy Yiuf
  5461 | D:2      | Reached skill level 6 in Dodging
  5461 | D:2      | Reached XP level 8. HP: 48/48 MP: 8/8
  5577 | D:5      | Entered Level 5 of the Dungeon
  5910 | D:5      | HP: 2/48 [poisoned by a water moccasin]
  6530 | D:5      | Reached skill level 5 in Short Blades
  6629 | D:5      | Reached skill level 7 in Dodging
  6648 | D:5      | Paralysed by a giant eyeball for 3 turns
  6655 | D:5      | Paralysed by a giant eyeball for 3 turns
  6668 | D:5      | Reached skill level 5 in Stealth
  6893 | D:6      | Noticed Ijyb
  6911 | D:5      | Killed Ijyb
  6923 | D:6      | Reached skill level 5 in Fighting
  6923 | D:6      | Reached XP level 9. HP: 47/54 MP: 9/9
  7046 | D:6      | Found Niyvew's Assorted Antiques.
  7049 | D:6      | Bought a silvery potion for 27 gold pieces
  7049 | D:6      | Bought a yellow potion for 27 gold pieces
  7049 | D:6      | Bought a silvery potion for 27 gold pieces
  7075 | D:6      | Paralysed by a potion of paralysis for 4 turns
  7144 | D:6      | Found a blossoming altar of Fedhas.
  7144 | D:6      | Found a shattered altar of Ashenzari.
  7221 | D:6      | Reached skill level 8 in Dodging
  7232 | D:6      | Found a glowing golden altar of the Shining One.
  7578 | D:7      | Reached skill level 1 in Throwing
  7692 | D:7      | Received a gift from Trog
  7790 | D:7      | Found a shimmering altar of Xom.
  8254 | D:7      | Found a staircase to the Ecumenical Temple.
  8283 | D:7      | Reached skill level 5 in Shields
  8835 | D:7      | Reached XP level 10. HP: 36/60 MP: 9/11
  8978 | D:7      | Reached skill level 1 in Evocations
  8988 | D:7      | Noticed Sigmund
  8997 | D:7      | Killed Sigmund
  8997 | D:7      | Reached skill level 9 in Dodging
  9256 | Temple   | Entered the Ecumenical Temple
  9435 | D:8      | Found Teiqew Abla's Antique Armour Shoppe.
  9451 | D:8      | Bought a fine helmet for 256 gold pieces
  9454 | D:8      | Identified the +5 helmet of Dithmenos' Whim {rF+ Dex+1} (You bought it in a shop on level 8 of the Dungeon)
  9553 | D:8      | Received a gift from Trog
  9666 | D:8      | Found a sand-covered staircase.
  9671 | Ossuary  | Entered an ossuary
 10598 | D:9      | Noticed Aelig's ghost (experienced TrMo)
 10622 | D:9      | Killed Aelig's ghost
 11001 | D:9      | Reached skill level 10 in Dodging
 11217 | D:9      | Received a gift from Trog
 11323 | D:9      | Found a staircase to the Orcish Mines.
 11380 | D:9      | Reached XP level 11. HP: 59/67 MP: 13/13
 11440 | D:9      | Noticed a hill giant
 11451 | D:9      | Killed a hill giant
 11451 | D:9      | Reached skill level 10 in Stealth
 11500 | D:10     | Entered Level 10 of the Dungeon
 11887 | D:10     | Paralysed by a giant eyeball for 2 turns
 12022 | D:10     | HP: 1/67 [slime creature (9)]
 12437 | D:10     | Noticed a hill giant
 12444 | D:10     | Killed a hill giant
 12923 | D:11     | Reached skill level 10 in Short Blades
 13092 | D:12     | Found a portal to a secret trove of treasure.
 13506 | D:12     | Noticed a hill giant
 13519 | D:12     | Killed a hill giant
 13761 | D:12     | Noticed Nessos
 13894 | D:11     | Received a gift from Trog
 13894 | D:11     | Reached skill level 11 in Dodging
 14575 | D:11     | Found a staircase to the Lair.
 14578 | D:11     | Reached XP level 12. HP: 70/73 MP: 4/14
 14605 | D:11     | Noticed a manticore
 14632 | D:11     | Killed a manticore
 14771 | D:11     | Found Losacias' Distillery.
 14774 | D:11     | Bought a potion of mutation for 42 gold pieces
 14780 | D:11     | Bought a potion of heal wounds for 51 gold pieces
 14780 | D:11     | Bought a potion of heal wounds for 51 gold pieces
 14780 | D:11     | Bought a potion of heal wounds for 51 gold pieces
 14780 | D:11     | Bought a potion of curing for 34 gold pieces
 15059 | D:11     | Received a gift from Trog
 15172 | Lair:1   | Entered Level 1 of the Lair of Beasts
 15784 | Lair:1   | Noticed an eight-headed hydra
 15789 | Lair:1   | Killed an eight-headed hydra
 16110 | Lair:2   | Noticed a five-headed hydra
 16119 | Lair:2   | Found a frozen archway.
 16138 | Lair:2   | Killed a five-headed hydra
 16138 | Lair:2   | Reached skill level 12 in Stealth
 16150 | Lair:2   | Received a gift from Trog
 16317 | IceCv    | Entered an ice cave
 16641 | IceCv    | Received a gift from Trog
 16782 | IceCv    | Reached XP level 13. HP: 61/80 MP: 5/15
 16946 | IceCv    | Gained mutation: You have sharp toenails. [potion of beneficial mutation]
 17092 | IceCv    | Reached skill level 13 in Stealth
 17451 | IceCv    | Noticed a frost giant
 17469 | IceCv    | Killed a frost giant
 17526 | IceCv    | Got a twisted glaive
 18019 | Lair:2   | Received a gift from Trog
 18321 | Lair:2   | Reached skill level 14 in Stealth
 19094 | Lair:3   | Noticed Gastronok
 19107 | Lair:3   | Killed Gastronok
 19551 | Lair:4   | Found a staircase to the Shoals.
 19763 | Lair:4   | Received a gift from Trog
 19798 | Lair:4   | Found a staircase to the Snake Pit.
 20604 | Lair:5   | Reached skill level 15 in Stealth
 20955 | Lair:5   | Received a gift from Trog
 21004 | Lair:5   | Reached skill level 10 in Fighting
 21004 | Lair:5   | Reached XP level 14. HP: 79/88 MP: 5/17
 21955 | Lair:6   | Reached skill level 16 in Stealth
 22038 | Lair:6   | Found a snail-covered altar of Cheibriados.
 22083 | Lair:6   | Received a gift from Trog
 23503 | Lair:8   | Entered Level 8 of the Lair of Beasts
 23822 | Lair:8   | Found a viscous altar of Jiyva.
 23822 | Lair:8   | Found a staircase to the Slime Pits.
 24399 | Lair:8   | Received a gift from Trog
 24781 | Lair:8   | Got a twisted robe
 24788 | Lair:8   | Identified the +3 robe of Hide-and-Seek {rPois} (You found it on level 8 of the Lair of Beasts)
 26178 | Lair:8   | Reached XP level 15. HP: 91/94 MP: 6/19
 27053 | Orc:1    | Entered Level 1 of the Orcish Mines
 27223 | Orc:1    | Received a gift from Trog
 27608 | Orc:1    | Received a gift from Trog
 27611 | Orc:1    | Got an ichor-stained cutlass {god gift}
 27612 | Orc:1    | Identified the +1,+6 cutlass of Infection {speed, rPois rN+ Str+2 SInv} (Trog gifted it to you on level 1 of the Orcish Mines)
 27624 | Orc:1    | Found a roughly hewn altar of Beogh.
 27790 | Orc:2    | Noticed Sonja
 27817 | Orc:2    | Killed Sonja
 28383 | Orc:3    | Received a gift from Trog
 28504 | Orc:3    | Reached skill level 17 in Stealth
 28536 | Orc:3    | Noticed Josephine
 28543 | Orc:3    | Killed Josephine
 28698 | Orc:3    | Noticed Erica
 28721 | Orc:3    | Killed Erica
 28800 | Orc:3    | Noticed Harold
 28805 | Orc:3    | Killed Harold
 28872 | Orc:3    | Noticed Urug
 28895 | Orc:3    | Killed Urug
 29234 | Orc:4    | Entered Level 4 of the Orcish Mines
 29234 | Orc:4    | Found a staircase to the Elven Halls.
 29385 | Orc:4    | Found a roughly hewn altar of Beogh.
 29548 | Orc:4    | Found a roughly hewn altar of Beogh.
 29700 | Orc:4    | Received a gift from Trog
 29736 | Orc:4    | Found a roughly hewn altar of Beogh.
 29792 | Orc:4    | Found a roughly hewn altar of Beogh.
 29812 | Orc:4    | Found a roughly hewn altar of Beogh.
 29812 | Orc:4    | Found Thoulyt's Assorted Antiques.
 29896 | Orc:4    | Bought a square golden amulet for 135 gold pieces
 29896 | Orc:4    | Bought a small garnet ring for 135 gold pieces
 30214 | Orc:4    | Received a gift from Trog
 30229 | Orc:4    | Got a polished crossbow {god gift}
 30230 | Orc:4    | Identified the +6,+7 crossbow of Destruction {flame, rN+} (Trog gifted it to you on level 4 of the Orcish Mines)
 30311 | Orc:4    | Found a roughly hewn altar of Beogh.
 30311 | Orc:4    | Found Faja's Distillery.
 30593 | Orc:4    | Noticed an orc warlord
 30626 | Orc:4    | Killed an orc warlord
 30694 | Orc:4    | Found a roughly hewn altar of Beogh.
 30694 | Orc:4    | Found Licenysch's Antique Armour Emporium.
 30708 | Orc:4    | Found Rattil's Antique Weapon Shoppe.
 30765 | Orc:4    | Received a gift from Trog
 30803 | Orc:4    | Bought a glowing cloak for 135 gold pieces
 30807 | Orc:4    | Identified a +1 cloak of preservation (You bought it in a shop on level 4 of the Orcish Mines)
 31058 | D:12     | Killed Nessos
 31630 | D:13     | Noticed Maurice
 31750 | D:13     | Killed Maurice
 32244 | D:13     | Reached skill level 15 in Dodging
 32255 | D:13     | Received a gift from Trog
 32394 | D:13     | Found a gate to the Vaults.
 32917 | Snake:1  | Entered Level 1 of the Snake Pit
 32989 | Snake:1  | Reached skill level 10 in Shields
 33012 | Snake:1  | Reached skill level 18 in Stealth
 33119 | Snake:1  | Reached XP level 16. HP: 38/101 MP: 20/20
 33559 | Snake:1  | Noticed Aizul
 33587 | Snake:1  | Killed Aizul
 33622 | Snake:1  | Received a gift from Trog
 34287 | Snake:1  | Noticed Louise
 34299 | Snake:1  | Killed Louise
 34382 | Shoals:1 | Entered Level 1 of the Shoals
 34382 | Shoals:1 | Noticed Frances
 34384 | Shoals:1 | Killed Frances
 34459 | Shoals:1 | Found a flickering gateway to a bazaar.
 34459 | Shoals:1 | Noticed Snorg
 34493 | Bazaar   | Entered a bazaar
 34511 | Bazaar   | Found Gracem's Distillery.
 34511 | Bazaar   | Found Nusioh's General Store.
 34532 | Bazaar   | Found Zaama's Gadget Emporium.
 34532 | Bazaar   | Found Lenaokihot's General Store.
 34554 | Bazaar   | Found Prius' Weapon Shoppe.
 34569 | Bazaar   | Found Theodwio's Assorted Antiques.
 34575 | Bazaar   | Bought an encrusted cutlass for 180 gold pieces
 34575 | Bazaar   | Bought a scintillating wooden ring for 100 gold pieces
 34576 | Bazaar   | Identified the +0,+1 cutlass "Orehi" {pain, rC+ MR+} (You bought it in a shop in a bazaar)
 34578 | Bazaar   | Identified the ring "Fiving" {Hunger rElec rF++ MR+} (You bought it in a shop in a bazaar)
 34639 | Bazaar   | Bought a wand of heal wounds (4) for 576 gold pieces
 34667 | Bazaar   | Bought 2 potions of curing for 40 gold pieces
 34667 | Bazaar   | Bought a potion of curing for 20 gold pieces
 34667 | Bazaar   | Bought a potion of heal wounds for 30 gold pieces
 34667 | Bazaar   | Bought 2 potions of heal wounds for 60 gold pieces
 34667 | Bazaar   | Bought a potion of heal wounds for 30 gold pieces
 34674 | Bazaar   | Bought a potion of curing for 24 gold pieces
 34753 | Shoals:1 | Identified Sif Muna's Catalogue of Gliding Toxins (You found it on level 1 of the Shoals)
 34986 | Shoals:1 | Received a gift from Trog
 35010 | Shoals:1 | Got a brightly glowing short sword {god gift}
 35011 | Shoals:1 | Identified the +2,+8 short sword "Xuqoes" {slice, rC+} (Trog gifted it to you on level 1 of the Shoals)
 35223 | Shoals:1 | Killed Snorg
 36168 | Shoals:1 | Noticed a kraken
 36436 | Shoals:1 | Killed a kraken
 37344 | Shoals:2 | Received a gift from Trog
 37367 | Shoals:2 | Found Threng's Book Boutique.
 37386 | Shoals:2 | Found Precs' Book Boutique.
 37402 | Shoals:2 | Noticed Donald
 37411 | Shoals:2 | Killed Donald
 37518 | Shoals:2 | Reached XP level 17. HP: 65/108 MP: 21/21
 39521 | D:14     | Reached skill level 15 in Short Blades
 39933 | D:14     | Found a white marble altar of Elyvilon.
 40179 | D:15     | Entered Level 15 of the Dungeon
 40276 | D:15     | Received a gift from Trog
 41493 | D:15     | Found a staircase to the Depths.
 41516 | Depths:1 | Entered Level 1 of the Depths
 41520 | Depths:1 | Paralysed by a vampire knight for 5 turns
 42685 | Snake:2  | Received a gift from Trog
 43759 | Snake:2  | Received a gift from Trog
 43763 | Snake:2  | Got a faintly glowing cutlass {god gift}
 43764 | Snake:2  | Identified the +3,+6 cutlass of the Beast {elec, rN+ Str-2} (Trog gifted it to you on level 2 of the Snake Pit)
 44340 | Snake:3  | Noticed Norris
 44354 | Snake:3  | Killed Norris
 44354 | Snake:3  | Reached XP level 18. HP: 96/114 MP: 22/22
 44668 | Snake:3  | Reached skill level 19 in Stealth
 44815 | Snake:3  | Gained mutation: You have a pair of small horns on your head. [potion of beneficial mutation]
 45232 | D:8      | Lost mutation: You have sharp toenails. [potion of cure mutation]
 45232 | D:8      | Lost mutation: You have a pair of small horns on your head. [potion of cure mutation]
 46228 | Snake:4  | Received a gift from Trog
 46322 | Snake:4  | Noticed Roxanne
 46323 | Snake:4  | Found Peqaepem's Assorted Antiques.
 46524 | Snake:4  | Killed Roxanne
 46526 | Snake:4  | Identified Roxanne's Disquisition on the Rocks and Transmutation (You took it off Roxanne on level 4 of the Snake Pit)
 46530 | Snake:4  | Bought a distressingly furry chain mail for 180 gold pieces
 46546 | Snake:4  | Identified the +7 chain mail "Huuhur" {+Rage +Inv} (You bought it in a shop on level 4 of the Snake Pit)
 47002 | Snake:4  | Received a gift from Trog
 47821 | Snake:5  | Entered Level 5 of the Snake Pit
 48573 | Snake:5  | Received a gift from Trog
 50029 | Snake:5  | Noticed Mara
 50034 | Snake:5  | Killed Mara
 50034 | Snake:5  | Reached XP level 19. HP: 120/120 MP: 23/23
 51153 | Snake:5  | Received a gift from Trog
 51702 | Snake:5  | Reached skill level 20 in Stealth
 52410 | Snake:5  | Received a gift from Trog
 54053 | Snake:5  | Received a gift from Trog
 54315 | Snake:5  | Killed from afar by a greater naga

Action                   |  1- 3 |  4- 6 |  7- 9 | 10-12 | 13-15 | 16-18 | 19-21 || total
-------------------------+-------+-------+-------+-------+-------+-------+-------++-------
Melee: Cutlass           |   112 |   189 |       |       |   805 |   283 |   301 ||  1690
       Short sword       |       |    74 |   785 |  1034 |   152 |  2008 |   537 ||  4590
       Quick blade       |       |       |       |   654 |  1646 |    32 |       ||  2332
       Dagger            |       |       |       |       |       |    36 |       ||    36
 Fire: Blowgun           |       |       |       |    18 |    21 |       |       ||    39
Throw: Stone             |       |    12 |    14 |     2 |       |       |       ||    28
       Throwing net      |       |       |       |       |     1 |     4 |       ||     5
Invok: Berserk           |       |     3 |     4 |    11 |     3 |     4 |     5 ||    30
       Burn Spellbooks   |       |       |     3 |     1 |       |     6 |       ||    10
       Brothers in Arms  |       |       |       |     2 |     8 |     7 |     7 ||    24
       Trog's Hand       |       |       |       |     1 |     2 |     3 |     2 ||     8
Evoke: Wand              |       |       |    17 |     3 |    11 |    12 |     2 ||    45
  Use: Potion            |     1 |       |    11 |     8 |     7 |    15 |     5 ||    47
       Scroll            |       |     9 |     4 |     7 |     4 |    12 |     3 ||    39
 Stab: Sleeping          |       |     3 |    19 |    33 |   112 |    66 |     1 ||   234
       Paralysed         |       |       |     4 |     1 |       |       |       ||     5
       Distracted        |       |       |     1 |     2 |    10 |    11 |    10 ||    34
       Fleeing           |       |       |       |     3 |     1 |       |       ||     4
       Held in net/web   |       |       |       |       |     1 |     2 |       ||     3
       Invisible         |       |       |       |       |     1 |       |       ||     1
       Confused          |       |       |       |       |       |     1 |       ||     1
